 Dungeon Crawl Stone Soup version 0.29.1-2-gbd0b4ee654 (webtiles) character file.

Game seed: 12709928848506232755

847 shoresy the Chopper (level 7, 0/62 HPs)
             Began as a Minotaur Fighter on Oct 31, 2022.
             Slain by a gnoll
             ... wielding a +0 halberd
             ... led by a gnoll bouda
              (4 damage)
             ... on level 5 of the Dungeon on Nov 1, 2022.
             The game lasted 00:24:55 (4877 turns).

shoresy the Chopper (Minotaur Fighter)              Turns: 4877, Time: 00:24:56

Health: 0/62       AC: 12    Str: 22    XL:     7   Next: 68%
Magic:  0/6        EV:  6    Int:  5    God:
Gold:   280        SH:  5    Dex: 10    Spells: 6/6 levels left

rFire   . . .      SeeInvis .   a - +0 war axe
rCold   . . .      Faith    .   c - +0 buckler
rNeg    . . .      Spirit   +   v - +0 plate armour
rPois   .          Reflect  .   (helmet restricted)
rElec   .          Harm     .   (no cloak)
rCorr   .          Rampage  .   (no gloves)
Will    .....                   (no boots)
Stlth   ..........              g - amulet of guardian spirit
HPRegen 0.20/turn               (no ring)
MPRegen 0.10/turn               (no ring)

@: no status effects
A: horns 2, retaliatory headbutt
a: no special abilities


You were on level 5 of the Dungeon.
You visited 1 branch of the dungeon, and saw 5 of its levels.

You collected 280 gold pieces.

Inventory:

Hand Weapons
 a - a +0 war axe (weapon)
 r - a +2 halberd of venom
Missiles
 s - a throwing net (quivered)
Armour
 c - a +0 buckler (worn)
 n - a +2 ring mail of cold resistance
 v - a +0 plate armour (worn)
 w - the +3 leather armour "Muzidwu" {Regen+}
   (You found it on level 4 of the Dungeon)

   Regen:     It increases your rate of health regeneration.
Magical Staves
 x - a staff of death
Jewellery
 g - an amulet of guardian spirit (around neck)
Scrolls
 b - a scroll of vulnerability {unknown}
 e - 2 scrolls of identify
 f - 2 scrolls of teleportation
 i - a scroll of brand weapon {unknown}
 k - 2 scrolls of fear {unknown}
 p - a scroll of torment {unknown}
 t - a scroll of butterflies {unknown}
 y - a scroll of immolation {unknown}
Potions
 d - 2 potions of might
 h - 2 potions of degeneration {unknown}
 j - 2 potions of heal wounds {unknown}
 l - 2 potions of resistance {unknown}
 m - a potion of cancellation {unknown}
 o - 2 potions of brilliance {unknown}
 q - a potion of haste {unknown}
 u - a potion of curing {unknown}
 z - a potion of mutation {unknown}


   Skills:
 + Level 5.9 Fighting
 * Level 6.9 Axes
 + Level 5.9 Armour
 + Level 5.9 Shields


You had 6 spell levels left.
You didn't know any spells.
Your spell library contained the following spells:

 Spells                   Type           Power      Damage    Failure   Level
 Shock                    Conj/Air       0%         1d3       100%        1
 Ensorcelled Hibernation  Hex/Ice        0%         N/A       100%        2
 Spider Form              Tmut/Pois      0%         N/A       100%        3
 Swiftness                Air            0%         N/A       100%        3
 Airstrike                Air            0%         2d(0-16)  100%        4
 Anguish                  Hex/Necr       0%         N/A       100%        4


Dungeon Overview and Level Annotations

Branches:
Dungeon (5/15)
 Temple: D:4-7

Altars:


Innate Abilities, Weirdness & Mutations

You have a pair of horns on your head.
You reflexively headbutt those who attack you in melee.


Message History

The gnoll bouda hits you with a +0 whip.
The gnoll barely misses you. You block the gnoll's attack.
You slash the gnoll bouda! You headbutt the gnoll bouda.
The gnoll bouda is almost dead.
The gnoll hits you from afar with a +0 halberd.
The gnoll bouda prays to its god.
The gnoll bouda is healed somewhat.
The gnoll barely misses you.
You closely miss the gnoll bouda.
You headbutt the gnoll bouda, but do no damage.
The gnoll bouda is severely wounded.
The gnoll bouda hits you but does no damage.
The gnoll hits you but does no damage. x2
You hit the gnoll bouda but do no damage.
Your headbutt misses the gnoll bouda.
The gnoll bouda is severely wounded.
You block the gnoll bouda's attack. The gnoll barely misses you.
The gnoll hits you from afar with a +0 halberd.
You closely miss the gnoll bouda.
The gnoll bouda is severely wounded.
You block the gnoll bouda's attack. The gnoll hits you but does no damage.
The gnoll hits you from afar with a +0 halberd. x2
The gnoll bouda closely misses you. The gnoll barely misses you.
You slash the gnoll bouda!
You kill the gnoll bouda!
The gnoll barely misses you.
The gnoll hits you from afar with a +0 halberd.
* * * LOW HITPOINT WARNING * * *
You slash the gnoll!
You kill the gnoll!
You block the gnoll's attack.
The gnoll hits you from afar with a +0 halberd.
* * * LOW HITPOINT WARNING * * *
The gnoll is no longer moving quickly.
The gnoll barely misses you. x2
Items here: )))) [ ††.
You barely miss the gnoll. You headbutt the gnoll.
The gnoll is moderately wounded.
You slash the gnoll! The gnoll hits you with a +0 halberd!
* * * LOW HITPOINT WARNING * * *
The gnoll hits you with a +0 halberd.
You die...

#.......###
#.........##
#...........
#........#
#........#
#....$.#
#......#
#.gg...#
###@#### #.#
#.# #.#
#########
#.###........
#..##........
##...........
####.#######
#...###


You could see 2 gnolls.

Vanquished Creatures
  Sigmund (D:4)
  A water moccasin (D:5)
  A sky beast (D:4)
  An ogre (D:4)
  A scorpion (D:4)
  A hound (D:5)
  An orc priest (D:4)
  A gnoll bouda (D:5)
  An iguana (D:5)
  2 orc wizards
  7 gnolls
  3 adders
  A worm (D:4)
  4 dart slugs
  6 orcs
  5 endoplasms
  3 giant cockroaches
  11 goblins
  7 hobgoblins
  4 jackals (D:2)
  3 kobolds
  2 quokkas
  4 ball pythons
  4 frilled lizards
  3 rats
78 creatures vanquished.

Vanquished Creatures (others)
  2 plants (D:2)
2 creatures vanquished.

Grand Total: 80 creatures vanquished

Notes
Turn   | Place    | Note
-------+----------+-------------------------------------------
     0 | D:1      | shoresy the Minotaur Fighter began the quest for the Orb.
     0 | D:1      | Reached XP level 1. HP: 19/19 MP: 0/0
   296 | D:1      | Reached XP level 2. HP: 24/27 MP: 1/1
   793 | D:2      | Reached skill level 3 in Axes
   865 | D:1      | Reached XP level 3. HP: 30/33 MP: 2/2
   959 | D:1      | Found a faded altar of an unknown god.
  2477 | D:4      | Noticed an ogre
  2490 | D:4      | Killed an ogre
  2491 | D:4      | Reached skill level 4 in Axes
  2491 | D:4      | Reached XP level 4. HP: 26/41 MP: 1/3
  2491 | D:4      | Reached XP level 5. HP: 30/47 MP: 1/4
  2699 | D:4      | Noticed Sigmund
  2759 | D:4      | Killed Sigmund
  2760 | D:4      | Reached skill level 5 in Fighting
  2760 | D:4      | Reached skill level 5 in Axes
  2760 | D:4      | Reached skill level 5 in Armour
  2760 | D:4      | Reached skill level 5 in Shields
  2760 | D:4      | Reached XP level 6. HP: 45/56 MP: 3/5
  3840 | D:5      | Entered Level 5 of the Dungeon
  4000 | D:5      | Reached XP level 7. HP: 57/61 MP: 6/6
  4102 | D:4      | Identified the +3 leather armour "Muzidwu" {Regen+}
  4136 | D:5      | Reached skill level 6 in Axes
  4877 | D:5      | Slain by a gnoll

Illustrated notes

Levels and vault maps discovered:
D:1:      dpeg_arrival_morbid_curiosity, layout_loops_ring,
          nicolae_ecumenical_snake_handling
D:2:      layout_rooms, serial_aquarium, aquarium_bridge_island_small
          [aquarium_subvault_small_water, aquarium_subvault_wall,
          aquarium_subvault_bridge, aquarium_subvault_window,
          aquarium_subvault_wall], aquarium_window_3, aquarium_window_fake,
          aquarium_window_fake, aquarium_view_2e, aquarium_view_2e,
          aquarium_balcony_1b, serial_bayou_pond_d
D:3:      layout_basic
D:4:      layout_rooms, uniq_sigmund
D:5:      cheibrodos_iron_armory, layout_basic, minmay_temple_entry_waves

Skill      XL: |  1  2  3  4  5  6  7 |
---------------+----------------------+-----
Fighting       | 4 5 |  5.9
Armour         | 4 5 |  5.9
Shields        | 4 5 |  5.9
Axes           | 3 4 5 6 |  6.9

Action                   |  1- 3 |  4- 6 |  7- 9 || total
-------------------------+-------+-------+-------++-------
Melee: War axe           |    76 |    66 |    57 ||   199
       Headbutt          |    10 |     7 |     9 ||    26
  Use: Scroll            |       |       |     1 ||     1
Armor: Scale mail        |    34 |       |       ||    34
       Ring mail         |     6 |    23 |       ||    29
       Plate armour      |       |       |    33 ||    33
Dodge: Dodged            |    32 |    35 |    24 ||    91
Block: Buckler           |    13 |    24 |    17 ||    54
